 Dungeon Crawl Stone Soup version 0.31.0-4-g52a2dc7128 (webtiles) character file.

Game seed: 5934807943254618501

3041 BeingJoeMalik the Basher (level 9, 0/42 (44) HPs)
             Began as a Vine Stalker Delver on Jan 23, 2024.
             Was a Follower of Qazlal.
             Slain by Maggie
             ... wielding a +1 halberd of draining
              (5 damage)
             ... on level 7 of the Dungeon.
             The game lasted 00:19:11 (6526 turns).

BeingJoeMalik the Basher (Vine Stalker Delver)      Turns: 6526, Time: 00:19:11

HP:   0/42 (44)     AC:  5    Str: 17    XL:     9   Next: 86%
MP:   0/10          EV: 13    Int: 15    God:    Qazlal [*.....]
Gold: 265           SH:  1    Dex: 24    Spells: 8/8 levels left

rFire   . . .        x - +6 shillelagh "Devastator" {shatter}
rCold   + + .        (no shield)
rNeg    . . .        j - +0 robe {rC+ rF+}
rPois   .            t - +0 helmet
rElec   .            h - +0 cloak
rCorr   +            (no gloves)
SInv    .            i - +0 pair of boots
Will    ++...        (no amulet)
Stlth   ++++         q - ring "Jaidghybb" {Ice rCorr Int+5 Dex+6}
HPRegen 1.07/turn    r - ring of willpower
MPRegen 0.12/turn

%: guardian spirit
@: lightly drained
A: fangs 3, regeneration 1, magic shield, antimagic bite, no potion heal 2
a: Renounce Religion


You were on level 7 of the Dungeon.
You worshipped Qazlal.
Qazlal was aware of your devotion.
You visited 1 branch of the dungeon, and saw 7 of its levels.

You collected 337 gold pieces.
You spent 72 gold pieces at shops.

Inventory:

Hand Weapons
 a - a +1 mace of chaos
 u - the +1 mace of Qigeem {protect, rPois rC+}
   (You found it on level 2 of the Dungeon)

   rC+:       It protects you from cold.
   rPois:     It protects you from poison
 x - the +6 shillelagh "Devastator" (weapon) {shatter}
   (You found it on level 3 of the Dungeon)
Armour
 b - a +0 leather armour
 h - a +0 cloak (worn)
 i - a +0 pair of boots (worn)
 j - a +0 robe of resistance (worn)
 t - a +0 helmet (worn)
Jewellery
 e - a ring of protection from cold
 m - a +6 ring of dexterity
 p - a ring of wizardry
 q - the ring "Jaidghybb" (left hand) {Ice rCorr Int+5 Dex+6}
   (You found it on level 4 of the Dungeon)

   [ring of ice]

   Ice:       It enhances your ice magic.
   Int+5:     It affects your intelligence (+5).
   Dex+6:     It affects your dexterity (+6).
   rF-:       It makes you vulnerable to fire.
   rC+:       It protects you from cold.
   rCorr:     It protects you from acid and corrosion.
 r - a ring of willpower (right hand)
 A - a ring of see invisible
Wands
 g - a wand of digging (2)
 y - a wand of charming (20)
Scrolls
 c - 2 scrolls of fog
 d - a scroll of revelation
 D - 2 scrolls of teleportation
Potions
 f - a potion of haste
 k - 4 potions of might
 l - a potion of cancellation {unknown}
 n - a potion of heal wounds {unknown}
 o - 2 potions of attraction
 s - 2 potions of curing
 v - 2 potions of brilliance
 z - 2 potions of mutation
Miscellaneous
 B - a phantom mirror (inert)


   Skills:
 - Level 3.1 Fighting
 + Level 11.7 Maces & Flails
 - Level 0.8 Armour
 - Level 2.0 Dodging
 - Level 7.6 Stealth


You had 8 spell levels left.
You didn't know any spells.
Your spell library contained the following spells:

 Spells                   Type           Power      Damage    Failure   Level
 Ensorcelled Hibernation  Hex/Ice        0%         N/A       38%         2
 Lesser Beckoning         Tloc           0%         N/A       38%         2
 Mercury Vapours          Alch/Air       0%         N/A       38%         2
 Dazzling Flash           Conj/Hex       0%         N/A       63%         3
 Fugue of the Fallen      Necr           0%         N/A       63%         3
 Gell's Gravitas          Tloc           0%         N/A       63%         3
 Mephitic Cloud           Conj/Alch/Air  0%         N/A       63%         3
 Summon Ice Beast         Ice/Summ       0%         N/A       63%         3
 Teleport Other           Tloc           0%         N/A       63%         3
 Anguish                  Hex/Necr       0%         N/A       95%         4
 Curse of Agony           Necr           0%         N/A       100%        5
 Freezing Cloud           Conj/Ice/Air   0%         6-21      100%        5
 Silence                  Hex/Air        0%         N/A       100%        5
 Summon Mana Viper        Hex/Summ       0%         N/A       100%        5
 Monstrous Menagerie      Summ           0%         N/A       100%        7


Dungeon Overview and Level Annotations

Branches:
Dungeon (7/15)
 Temple: D:4-7

Altars:
Fedhas
Gozag
Kikubaaqudgha
Nemelex Xobeh
Qazlal
Sif Muna
Vehumet
Wu Jian
Zin

Shops:
D:2 (   D:5 :*[(:

Annotations:
D:6 4 runed translucent doors
D:7 Maggie


Innate Abilities, Weirdness & Mutations

You have razor-sharp teeth.
Your natural rate of healing is unusually fast.
When hurt, damage is shared between your health and your magic reserves.
Your bite disrupts and absorbs the magic of your enemies.
Potions cannot restore your health.


Message History

You climb upwards.
Level annotation: 4 runed translucent doors
There is a stone staircase leading down here.
Unknown command.
You start waiting.
Done waiting.
There is a stone staircase leading down here.
You climb downwards.
Level annotation: Maggie
There is a stone staircase leading up here.
Found a blossoming altar of Fedhas.
You now have 265 gold pieces (gained 10).
Maggie is nearby!
There is a stone staircase leading up here.
You start waiting.
Maggie is nearby!
Okay, then.
Aiming: Phantom Mirror
Press: ? - help, Dir - move target, f - Maggie
Aim: Maggie, wielding a +1 halberd of draining, wearing +0 swamp dragon scales and carrying a wand of iceblast (wandering, hasn't noticed you)
You reflect Maggie with the mirror!
The mirror clouds!
Maggie zaps a wand.
The mass of ice explodes!
The iceblast engulfs you! You partially resist.
You hear a croak.
Unknown command.
Maggie mumbles some strange words.
Maggie attempts to bespell you! You resist with almost no effort.
Maggie casts a spell.
Maggie gestures at you while chanting.
The bolt of fire hits Maggie!!
The bolt of fire hits you!
Unknown command.
Maggie gestures at you while chanting.
The bolt of fire hits Maggie!!
The bolt of fire hits you!
Maggie barely misses Maggie.
Unknown command.
Maggie barely misses Maggie.
Maggie completely misses you.
Unknown command.
Maggie hits you with a +1 halberd of draining!
* * * LOW HITPOINT WARNING * * *
You feel drained.
You die...

#..............##
#...............###
...8#...............#.## .
.....##..........<.......# ...
8...8 #.......#..........##....
##>## #.......#....#...........
#######..#....#...##...<.......
#............@.####..........#
####.........##@@..##..###.......
................○...##.. .......
###.......................%....##
.####.......#....................
...##.......#..........>.........
♣...#...........#...............#
♣...#..........##..........
.....#...................## .
.....#....................#..


You could see Maggie (ally target) and the friendly Maggie (summoned, very
drained).

Vanquished Creatures
  A two-headed ogre (D:6)
  A hornet (D:5)
  A yak (D:6)
  An ice beast (D:6)
  2 sky beasts
  An ogre (D:6)
  A centaur (D:6)
  2 phantoms
  Blork the orc (D:4)
  2 bullfrogs (D:6)
  3 scorpions
  4 killer bees (D:6)
  3 hounds
  2 bombardier beetles
  2 jellies
  An orc priest (D:3)
  4 iguanas
  8 orc wizards
  Robin (D:3)
  12 gnolls
  11 adders
  A shadow imp (D:6)
  A white imp (D:7)
  2 ufetubi (D:6)
  2 ribbon worms
  3 dart slugs
  15 orcs
  3 ball pythons
  9 endoplasms
  5 giant cockroaches
  12 goblins
  10 hobgoblins
  8 jackals
  5 quokkas
  2 frilled lizards
  11 kobolds
  6 rats
159 creatures vanquished.

Vanquished Creatures (others)
  A two-headed ogre (D:6)
1 creature vanquished.

Grand Total: 160 creatures vanquished

Notes
Turn   | Place    | Note
-------+----------+-------------------------------------------
     0 | D:5      | BeingJoeMalik the Vine Stalker Delver began the quest for
                  | the Orb.
     0 | D:5      | Reached XP level 1. HP: 11/11 MP: 2/2
    53 | D:4      | Noticed a jelly
   112 | D:4      | Reached XP level 2. HP: 8/16 MP: 1/3
   207 | D:3      | Found an ancient bone altar of Kikubaaqudgha.
   220 | D:3      | Reached XP level 3. HP: 18/19 MP: 4/4
   238 | D:3      | Found a shimmering blue altar of Sif Muna.
   248 | D:3      | Reached skill level 2 in Maces & Flails
   248 | D:3      | Reached XP level 4. HP: 24/24 MP: 5/5
   258 | D:3      | Found a radiant altar of Vehumet.
   464 | D:3      | Reached XP level 5. HP: 28/28 MP: 4/6
   513 | D:2      | Found Reregom's Weapon Emporium.
  1308 | D:1      | Reached skill level 3 in Maces & Flails
  1736 | D:2      | Reached XP level 6. HP: 22/32 MP: 5/7
  1801 | D:2      | Identified the +1 mace of Qigeem {protect, rPois rC+}
  2164 | D:3      | Found an opulent altar of Gozag.
  2194 | D:3      | Reached skill level 4 in Maces & Flails
  2452 | D:3      | Noticed Robin
  2473 | D:3      | Killed Robin
  2595 | D:3      | Found the +6 shillelagh "Devastator" {shatter}
  3243 | D:4      | Noticed Blork the orc
  3318 | D:4      | Reached skill level 5 in Maces & Flails
  3322 | D:4      | Reached XP level 7. HP: 36/36 MP: 8/8
  3350 | D:4      | Identified the ring "Jaidghybb" {Ice rCorr Int+5 Dex+6}
  3414 | D:4      | Killed Blork the orc
  3434 | D:4      | Reached skill level 6 in Maces & Flails
  4129 | D:5      | Reached skill level 7 in Maces & Flails
  4129 | D:5      | Gained mutation: You have razor-sharp teeth. [Vine Stalker
                  | growth]
  4129 | D:5      | Reached XP level 8. HP: 33/40 MP: 5/9
  4223 | D:5      | Found Xoimu's Book Boutique.
  4270 | D:5      | Noticed a hornet
  4278 | D:5      | Found Muecvy's Weapon Emporium.
  4455 | D:5      | Killed a hornet
  4456 | D:5      | Reached skill level 8 in Maces & Flails
  4481 | D:5      | Found a sparkling altar of Nemelex Xobeh.
  4511 | D:5      | Found Jicwuz's Antique Armour Emporium.
  4541 | D:5      | Found a stormy altar of Qazlal.
  4555 | D:5      | Became a worshipper of Qazlal Stormbringer
  4565 | D:5      | Found Opeweagh's Assorted Antiques.
  4570 | D:5      | Bought a scroll labelled NIALEETTUKAL for 26 gold pieces
  4570 | D:5      | Bought an emerald potion for 23 gold pieces
  4570 | D:5      | Bought a murky red potion for 23 gold pieces
  4694 | D:5      | Found Huxzechu's Book Shoppe.
  5107 | D:6      | Found a large runed translucent door.
  5107 | D:6      | Found a large runed translucent door.
  5120 | D:6      | Found a large runed translucent door.
  5120 | D:6      | Found a large runed translucent door.
  5121 | D:6      | Noticed a troll
  5137 | D:6      | Reached skill level 9 in Maces & Flails
  5168 | D:6      | Noticed a yak
  5170 | D:6      | Reached XP level 9. HP: 38/44 MP: 7/10
  5175 | D:6      | Reached skill level 10 in Maces & Flails
  5319 | D:6      | Noticed a two-headed ogre
  5327 | D:6      | Noticed a two-headed ogre
  5338 | D:6      | Killed a two-headed ogre
  5339 | D:6      | Reached skill level 11 in Maces & Flails
  5670 | D:6      | Found a glowing silver altar of Zin.
  6164 | D:7      | Found an ornate altar of the Wu Jian Council.
  6173 | D:7      | Reached * piety under Qazlal
  6320 | D:7      | Noticed Maggie
  6502 | D:7      | Found a blossoming altar of Fedhas.
  6526 | D:7      | Slain by Maggie

Illustrated notes

Levels and vault maps discovered:
D:1:      onia_arrival_handbag, layout_basic, dreamdust_princess_bridge,
          minmay_pentomino_v4
D:2:      layout_loops_ring, serial_forest, infiniplex_forest_lined_ring,
          infiniplex_forest_lined_room_3, infiniplex_forest_clump_diagonal,
          infiniplex_forest_diagonal, infiniplex_forest_fountain,
          infiniplex_forest_lined_1, infiniplex_forest_lined_room_2,
          serial_shops, nicolae_shop_back_alley_shop, minivault_24
D:3:      layout_basic, palyth_temple_overflow_mages,
          mainiacjoe_overflow_boulevard, uniq_robin
D:4:      minmay_octagon_keep, layout_basic, uniq_blork_the_orc
D:5:      nicolae_BIG_FREAKIN_CUBE, layout_basic, old_standard_altar,
          kennysheep_mini, serial_shops, nicolae_take_the_stairs,
          nicolae_book_shop_shelving, shop, nicolae_shop_just_a_little_nook,
          shop
D:6:      layout_cave_pods, mainiacjoe_overflow_paths,
          minmay_hollow_rounded_squares
D:7:      layout_cave_pools, nicolae_overflow_hidden_temple,
          nicolae_hepliaklqana_monster_ancestors, nicolae_wu_jian_wuxing_cycle,
          minmay_temple_entry_stoned_glass, uniq_duvessa, uniq_maggie,
          uniq_pikel

Skill      XL: |  1  2  3  4  5  6  7  8  9 |
---------------+----------------------------+-----
Fighting       | 3 |  3.1
Maces & Flails | 2 3 5 7 9 11 | 11.7
Stealth        | 7 |  7.6
Dodging        | 2 |  2.0
Armour         | |  0.8

Action                     |  1- 3 |  4- 6 |  7- 9 || total
---------------------------+-------+-------+-------++-------
  Melee: Mace              |    30 |   203 |       ||   233
         Bite              |     9 |    53 |    22 ||    84
         Punch             |     1 |     3 |     2 ||     6
         Shillelagh        |       |    11 |   113 ||   124
  Evoke: Wand              |       |       |     3 ||     3
         Phantom mirror    |       |       |     1 ||     1
    Use: Scroll            |       |     3 |     9 ||    12
         Potion            |       |       |     2 ||     2
   Stab: Sleeping          |       |    20 |    13 ||    33
 Armour: Leather armour    |    12 |       |       ||    12
         Robe              |     6 |   136 |    76 ||   218
  Dodge: Dodged            |    14 |   160 |    68 ||   242
